 Dungeon Crawl Stone Soup version 0.19-a0-1899-g2d93087 (webtiles) character file.

41 Naow the Sneak (level 3, 0/16 HPs)
             Began as a Spriggan Enchanter on Oct 20, 2016.
             Succumbed to an adder's poison
             ... on level 1 of the Dungeon.
             The game lasted 00:02:47 (968 turns).

Naow the Sneak (Spriggan Enchanter)                  Turns: 968, Time: 00:02:48

Health: 0/16       AC:  6    Str:  4    XL:     3   Next: 32%
Magic:  6/8        EV: 19    Int: 16    God:
Gold:   63         SH:  0    Dex: 17    Spells: 2 memorised, 5 levels left

rFire  . . .     SeeInvis +     a - +1 dagger
rCold  + . .     Gourm    .     b - +1 robe
rNeg   . . .     Faith    .     (shield restricted)
rPois  .         Spirit   .     (helmet restricted)
rElec  .         Reflect  .     (no cloak)
rCorr  .         Harm     .     (gloves unavailable)
MR     .....                    (boots unavailable)
Stlth  +++.......               (no amulet)
                                (no ring)
                                f - +3 ring of protection

@: lethally poisoned (0 -> -6), very quick
A: unfitting armour, see invisible, cold resistance 1, herbivore 3, speed 3,
mutation resistance 1, slow metabolism 2, MP-powered wands
a: no special abilities


You were on level 1 of the Dungeon.
You were not hungry.

You visited 1 branch of the dungeon, and saw 2 of its levels.

You collected 63 gold pieces.

Inventory:

Hand Weapons
 a - a +1 dagger (weapon)
Missiles
 h - 13 poisoned needles
Armour
 b - a +1 robe (worn)
Jewellery
 f - a +3 ring of protection (left hand)
Scrolls
 e - a scroll of identify {unknown}
 g - 2 scrolls of teleportation {unknown}
 i - a scroll of fog {unknown}
Books
 c - a book of Maledictions

   Spells                             Type                      Level
   a - Corona                         Hexes                        1
   b - Ensorcelled Hibernation        Hexes/Ice                    2
   c - Confuse                        Hexes                        3
   d - Tukima's Dance                 Hexes                        3
   e - Dazzling Spray                 Conjuration/Hexes            3
Comestibles
 d - 2 bread rations


   Skills:
 + Level 1.4 Short Blades
 + Level 3.5 Dodging
 + Level 5.1 Stealth
 + Level 3.2 Spellcasting
 + Level 4.1 Hexes


You had 5 spell levels left.
You knew the following spells:

 Your Spells              Type           Power        Failure   Level  Hunger
a - Corona                Hex            ###....      4%          1    None
b - Ensorcelled Hibernat  Hex/Ice        #.....       14%         2    ##.....


Dungeon Overview and Level Annotations

Branches:
Dungeon (2/15)

Altars:


Innate Abilities, Weirdness & Mutations

You are very small and have problems with some larger weapons.
You are too small for most types of armour.
You have supernaturally acute eyesight. (SInv)
You are a herbivore.
You cover ground extremely quickly.
You need consume almost no food.
Your flesh is cold resistant. (rC+)
You are somewhat resistant to further mutation.
You expend magic power (3 MP) to strengthen your wands.


Message History

You aren't carrying any potions.
Okay, then.
Okay, then.
You feel sick.
There is an escape hatch in the ceiling here.
* * * LOW HITPOINT WARNING * * *
You feel sick.
* * * LOW HITPOINT WARNING * * *
You feel sick.
Found a stone staircase leading down.
A frilled lizard comes into view.
* * * LOW HITPOINT WARNING * * *
You feel sick.
* * * LOW HITPOINT WARNING * * *
You feel sick.
There is an escape hatch in the ceiling here.
* * * LOW HITPOINT WARNING * * *
You feel sick. A mysterious force pulls you upwards.
The hatch slams shut behind you.
You die...

##### ####...# #......#
######## #.###..# #.......
#.#≈#..# #.#####.
####.###..########.# #.
##.##...............# #.
##...#.##.@#########.# #.
#......###.# #.#####>
##...#.###.# #.......
####...#..[..############.###
###.........................###
#.......b....###.##########....
#.#........)## ##.###### #....
#.####...##.####.......# ##..##
#%# #...#.....#.#####.# #.....


There were no monsters in sight!

Vanquished Creatures
  2 adders (D:2)
  An ooze (D:2)
  A worm (D:2)
  3 bats
  3 goblins
  A hobgoblin (D:2)
  3 kobolds
  A ball python (D:1)
  A frilled lizard (D:1)
  A rat (D:1)
17 creatures vanquished.

Notes
Turn   | Place    | Note
-------+----------+-------------------------------------------
     0 | D:1      | Naow the Spriggan Enchanter began the quest for the Orb.
     0 | D:1      | Reached XP level 1. HP: 9/9 MP: 5/5
   415 | D:1      | Reached XP level 2. HP: 6/13 MP: 6/6
   429 | D:1      | Learned a level 2 spell: Ensorcelled Hibernation
   701 | D:2      | Reached skill level 5 in Stealth
   845 | D:2      | Reached XP level 3. HP: 16/16 MP: 8/8
   945 | D:2      | Gained mutation: Your flesh is cold resistant. (rC+) [potion of mutation]
   945 | D:2      | Gained mutation: You expend magic power (3 MP) to strengthen your wands. [potion of mutation]
   945 | D:2      | Gained mutation: You are somewhat resistant to further mutation. [potion of mutation]
   968 | D:1      | Succumbed to an adder's poison

Vault maps used:
D:1:      ncdulo_halloftheorcs, feat_on_display
D:2:      first_bread, uniq_robin

Skill      XL: |  1  2 |
---------------+-------+-----
Spellcasting   | 3 |  3.2
Stealth        | 5 |  5.1
Hexes          | 4 |  4.1
Short Blades   | |  1.4
Dodging        | |  3.5

Action                   || total
-------------------------++-------
Melee: Dagger            ||    41
 Cast: Ensorcelled Hiber ||     5
  Use: Potion            ||     1
 Stab: Sleeping          ||     9
       Distracted        ||     1
Armor: Robe              ||     2
Dodge: Dodged            ||    29
